 Dungeon Crawl Stone Soup version 0.31-a0-257-gf185e81a89 (webtiles) character file.

Game seed: 16191678059148887040

77 qw the Shooter (level 4, 0/36 HPs)
             Began as a Minotaur Hexslinger on July 12, 2023.
             Succumbed to an adder's poison
             ... on level 2 of the Dungeon.
             The game lasted 00:00:38 (1257 turns).

qw the Shooter (Minotaur Hexslinger)                Turns: 1257, Time: 00:00:38

Health: 0/36       AC:  3    Str: 12    XL:     4   Next: 14%
Magic:  4/4        EV: 12    Int: 10    God:
Gold:   30         SH:  0    Dex: 15    Spells: 4/5 levels left

rFire   . . .        Y - +1 sling
rCold   . . .        (no shield)
rNeg    . . .        f - +0 leather armour
rPois   .            (helmet restricted)
rElec   .            (no cloak)
rCorr   .            (no gloves)
SInv    .            (no boots)
Will    .....        (no amulet)
Stlth   +            (no ring)
HPRegen 0.26/turn    (no ring)
MPRegen 0.09/turn

%: no passive effects
@: lethally poisoned (0 -> -3)
A: horns 2, retaliatory headbutt
a: no special abilities


You were on level 2 of the Dungeon.
You visited 1 branch of the dungeon, and saw 2 of its levels.

You collected 71 gold pieces.
You spent 41 gold pieces at shops.


Innate Abilities, Weirdness & Mutations

You have a pair of horns on your head.
You reflexively headbutt those who attack you in melee.


   Skills:
 - Level 2.0 Fighting
 + Level 4.6 Ranged Weapons
 - Level 2.1 Dodging
 - Level 1.0 Spellcasting
 - Level 2.0 Hexes


You had 4 spell levels left.
You knew the following spells:

 Your Spells              Type           Power      Damage    Failure   Level
a - Slow                  Hex            16%        N/A       19%         1

Your spell library contained the following spells:

 Spells                   Type           Power      Damage    Failure   Level
 Inner Flame              Hex/Fire       2%         N/A       65%         3
 Portal Projectile        Hex/Tloc       4%         N/A       65%         3
 Cause Fear               Hex            2%         N/A       88%         4

Inventory:

Hand Weapons
 Y - a +1 sling (weapon)
Armour
 e - a +0 ring mail
 f - a +0 leather armour (worn)
Scrolls
 c - a scroll of acquirement {unknown}
 d - 3 scrolls of teleportation
 h - a scroll of brand weapon {unknown}
 k - a scroll of amnesia {unknown}
Potions
 a - 2 potions of degeneration {unknown}
 b - a potion of ambrosia {unknown}
 g - a potion of cancellation {unknown}
 i - a potion of heal wounds {unknown}
 j - a potion of curing {unknown}

Dungeon Overview and Level Annotations

Branches:
Dungeon (2/15)

Altars:

Shops:
D:2 *


Message History

The adder misses you.
You have reached level 4!
You feel agile.
You shoot a sling bullet. The sling bullet misses the adder.
You feel sick. The adder bites you.
You are more poisoned.
The adder poisons you! The adder bites you.
You shoot a sling bullet. The sling bullet misses the adder.
You feel sick. The adder barely misses you. The adder bites you.
You are lethally poisoned!
The adder poisons you!
You shoot a sling bullet.
The sling bullet barely misses the adder.
You feel very sick. The adder bites you.
1253 ||| READING 4 scrolls of teleportation.
As you read the scroll of teleportation, it crumbles to dust.
You feel strangely unstable.
You feel sick. The adder misses you.
You shoot a sling bullet.
The sling bullet barely misses the adder.
You feel sick. The adder bites you but does no damage.
The adder completely misses you. You furiously retaliate!
You headbutt the adder!
You kill the adder!
There is a lethal amount of poison in your body!
You feel sick.
There is a lethal amount of poison in your body!
Your surroundings suddenly seem different.
You feel sick.
Enter note:
Enter note:
Enter note:
Enter note:
Enter note:
Enter note:
Enter note:
Enter note:
Enter note:
There is a lethal amount of poison in your body!
You die...

###.#################
....................#
###################.#
###...............#.#
......###########.#.# ###.#.#
########.#.#
###.#.####........#.#
#...#....'........#.#
...#######......@##.#
.........'.......'..#
....######.......#### ......
#.......# #+#### .......
#.......# #.##..
#.......##.<.....# #.##.#
#.#+######.....#############.##.#
..# #.....##............##.# ..
#.....##.###...........#


There were no monsters in sight!

Vanquished Creatures
  2 adders (D:2)
  A gnoll (D:1)
  2 dart slugs
  3 endoplasms
  3 giant cockroaches (D:1)
  6 goblins
  5 hobgoblins
  3 quokkas (D:1)
  2 ball pythons (D:2)
  5 bats
  2 frilled lizards (D:1)
  3 kobolds
  4 rats
41 creatures vanquished.

Notes
Turn   | Place    | Note
-------+----------+-------------------------------------------
     0 | D:1      | qw the Minotaur Hexslinger began the quest for the Orb.
     0 | D:1      | Reached XP level 1. HP: 16/16 MP: 1/1
     0 | D:1      | 0 ||| qw: Version: 0.3-a-52-g30416fa
     0 | D:1      | 0 ||| qw: Game counter: 6789
     0 | D:1      | 0 ||| qw: Melee chars always use a shield: true
     0 | D:1      | 0 ||| qw: God list: Okawaru
     0 | D:1      | 0 ||| qw: Allow faded altars: false
     0 | D:1      | 0 ||| qw: Do Orc after clearing Dungeon:15 true
     0 | D:1      | 0 ||| qw: Do second Lair branch before Depths: true
     0 | D:1      | 0 ||| qw: Lair rune preference: random
     0 | D:1      | 0 ||| qw: Goals: Normal
     0 | D:1      | 0 ||| PLANNING D:1-11
   133 | D:1      | Reached skill level 3 in Ranged Weapons
   143 | D:1      | Reached XP level 2. HP: 23/23 MP: 2/2
   179 | D:1      | 179 ||| FLEEEEING.
   180 | D:1      | 180 ||| FLEEEEING.
   181 | D:1      | 181 ||| FLEEEEING.
   182 | D:1      | 182 ||| FLEEEEING.
   183 | D:1      | 183 ||| FLEEEEING.
   184 | D:1      | 184 ||| FLEEEEING.
   185 | D:1      | 185 ||| FLEEEEING.
   186 | D:1      | 186 ||| FLEEEEING.
   187 | D:1      | 187 ||| FLEEEEING.
   188 | D:1      | 188 ||| FLEEEEING.
   189 | D:1      | 189 ||| FLEEEEING.
   190 | D:1      | 190 ||| FLEEEEING.
   191 | D:1      | 191 ||| FLEEEEING.
   192 | D:1      | 192 ||| FLEEEEING.
   193 | D:1      | 193 ||| FLEEEEING.
   194 | D:1      | 194 ||| FLEEEEING.
   195 | D:1      | 195 ||| FLEEEEING.
   196 | D:1      | 196 ||| FLEEEEING.
   197 | D:1      | 197 ||| FLEEEEING.
   198 | D:1      | 198 ||| FLEEEEING.
   200 | D:1      | 200 ||| FLEEEEING.
   201 | D:1      | 201 ||| FLEEEEING.
   202 | D:1      | 202 ||| FLEEEEING.
   466 | D:1      | Reached XP level 3. HP: 29/29 MP: 3/3
   817 | D:1      | 817 ||| UPGRADING to +0 leather armour.
   827 | D:1      | 827 ||| DROPPING +0 robe.
   828 | D:1      | 828 ||| DROPPING ring of flight.
   829 | D:1      | 829 ||| READING scroll labelled ISHRYO ICUJEAHU.
   834 | D:1      | 834 ||| READING scroll labelled PESMUSTR YRCHADGH.
   835 | D:1      | 835 ||| READING scroll labelled LILATR LESMIDE.
   836 | D:1      | 836 ||| DROPPING scroll of poison.
   866 | D:2      | Reached skill level 4 in Ranged Weapons
  1003 | D:2      | Identified the +5 whip of Rubbish {distort, rC- Will+
                  | rCorr}
  1117 | D:2      | Found Vosucoc's Assorted Antiques.
  1124 | D:2      | 1124 ||| BUYING cyan potion (19 gold).
  1124 | D:2      | Bought a cyan potion for 19 gold pieces
  1124 | D:2      | 1124 ||| BUYING scroll labelled WINACL ZUMI (22 gold).
  1124 | D:2      | Bought a scroll labelled WINACL ZUMI for 22 gold pieces
  1124 | D:2      | 1124 ||| SHOPLISTING scroll labelled WOARUKL TUCVE (22
                  | gold, have 10).
  1124 | D:2      | 1124 ||| SHOPLISTING scroll labelled XIEROH NERGHIOSH (22
                  | gold, have 10).
  1250 | D:2      | Reached XP level 4. HP: 22/36 MP: 4/4
  1252 | D:2      | HP: 9/36 [poisoned by an adder]
  1253 | D:2      | 1253 ||| READING 4 scrolls of teleportation.
  1254 | D:2      | HP: 4/36 [poisoned by an adder]
  1256 | D:2      | HP: 1/36 [poisoned by an adder]
  1257 | D:2      | Succumbed to an adder's poison

Levels and vault maps discovered:
D:1:      lightli_arrival_noodles, layout_basic
D:2:      layout_basic, shapermc_ecumenical_altar_hornbeckon, serial_shops,
          shop, dk_noncrumbling_2

Skill      XL: |  1  2  3 |
---------------+----------+-----
Ranged Weapons | 3 4 |  4.6
Fighting       | 2 |  2.0
Dodging        | |  2.1
Spellcasting   | |  1.0
Hexes          | |  2.0

Action                     |  1- 3 |  4- 6 || total
---------------------------+-------+-------++-------
   Fire: Sling             |   131 |     4 ||   135
    Use: Scroll            |     3 |     1 ||     4
 Armour: Robe              |     6 |       ||     6
         Leather armour    |     1 |     1 ||     2
  Dodge: Dodged            |    40 |     3 ||    43

Table legend:
 A = Non-vault XP
 B = Vault XP
 C = Vault XP percentage of total XP
 D = Non-vault monster count
 E = Vault monster count
 F = Vault count percentage of total count
                 A         B        C        D         E       F
            +---------+---------+-------+---------+---------+-------
      Total |     111 |       0 |   0.0 |      41 |       0 |   0.0
            +---------+---------+-------+---------+---------+-------
        D:1 |      60 |       0 |   0.0 |      26 |       0 |   0.0
        D:2 |      51 |       0 |   0.0 |      15 |       0 |   0.0
            +---------+---------+-------+---------+---------+-------
